AoeStats
← PUNISHER

Scandinavia

510496327Analyzed
1v1 RM · 1d ago on Oct 1, 2026· 23m 44s· 2 players
Game mode
Random Map
Map size
Tiny (2 player)
Population
200
Speed
Normal
Resources
Standard
Victory
Conquest
Starting age
Dark Age
Ending age
Imperial Age
RankedLock teamsTeams togetherTeam positionsShared explorationLock speedFull tech treeHidden civsTurbo modeCheats
Victory
Defeat
🇮🇳 Varangians · India
825
+18
🇹🇷 Vikings · Türkiye
867
-18
retinderdeepsingh
1:30 Loom
11:43 Feudal Age
12:44 Fishing Lines
16:48 Castle Age
14:43 Double-Bit Axe
18:48 Gillnets
19:39 Wheelbarrow
20:03 Scale Mail Armor
20:13 Forging
PUNISHER
4:43 Loom
10:58 Feudal Age
11:48 Town Watch
11:50 Double-Bit Axe
15:08 Fishing Lines
18:57 Castle Age
17:25 Horse Collar
17:51 Arson
18:39 Stone Mining
20:04 Gillnets
20:05 Man-at-Arms
21:58 Squires
Connection lost

Rejoining the realm…

Still unreachable

The connection could not be restored.

Session expired

The server has moved on; the page needs a fresh start.